 Dungeon Crawl Stone Soup version 0.31.0-32-g396128a36d (webtiles) character file.

Game seed: 13767426935104415437

458061 octoduck the Intangible (level 23, -1/213 HPs)
             Began as a Merfolk Gladiator on Mar 7, 2024.
             Was the Champion of Jiyva.
             Slain by a titan (40 damage)
             ... on level 5 of the Vaults on Mar 13, 2024.
             The game lasted 03:07:48 (46130 turns).

octoduck the Intangible (Merfolk Gladiator)        Turns: 46130, Time: 03:07:48

Health: -1/213     AC: 12    Str: 20    XL:     23   Next: 71%
Magic:  23/23      EV: 31    Int: 18    God:    Jiyva [******]
Gold:   2254       SH: 23    Dex: 21    Spells: 8/22 levels left

rFire   + . .        b - +10 zealot's sword {holy, Zealotry, *Rage rN+ EV+3}
rCold   + . .        F - +5 Storm Queen's Shield {shock, Fly rElec}
rNeg    + + +        O - +3 scale mail of Pohuphap {rF+ Slay+3}
rPois   .            a - +2 hat
rElec   +            M - +0 cloak "Xytzuen Qure" {Fly rN+ Regen+}
rCorr   +            g - +2 pair of gloves {Dex+3}
SInv    +            S - +0 pair of boots
Will    +++..        I - amulet of reflection Stlth
                     t - ring of willpower
HPRegen 2.95/turn    Z - ring "Sasicem" {rN+ Will+ Str+2 SInv Stlth-}
MPRegen 0.98/turn

%: random rage (20%), reflection
@: lethally poisoned (-1 -> -2), corroded, on berserk cooldown, calling ooze,
flying, very slightly contaminated, slowed, very slow
A: (nimble swimmer 2), mertail, antennae 2, clever 2, cold resistance 1, strong
1, wild magic 1, gelatinous body 1, pseudopods 1, translucent skin 1, jelly
absorbing missiles, MP-powered wands, noise suppression
}: 3/15 runes: decaying, slimy, gossamer
a: Renounce Religion, Oozemancy, Slimify


You were on level 5 of the Vaults.
You worshipped Jiyva.
Jiyva was exalted by your worship.
You visited 10 branches of the dungeon, and saw 48 of its levels.
You also visited: Sewer, Gauntlet, Ice Cave, Volcano and Wizlab.

You collected 4409 gold pieces.
You spent 2155 gold pieces at shops.

Inventory:

Hand Weapons
 b - the +10 zealot's sword (weapon) {holy, Zealotry, *Rage rN+ EV+3}
   (You found it on level 5 of the Pits of Slime)

   Zealotry:  Whenever the wielder enters a berserk rage, their allies are
   berserked alongside them.
   EV+3:      It affects your evasion (+3).
   rN+:       It protects you from negative energy.
   *Rage:     It berserks you when you make melee attacks (+20% chance).
Missiles
 d - 3 throwing nets (quivered)
 W - 3 darts of dispersal
Armour
 a - a +2 hat (worn)
 g - a +2 pair of gloves of dexterity (worn)
 u - quicksilver dragon scales
 A - the +2 pair of gloves of the Blacksmith {rElec rF+ Slay-2}
   (You found it in a wizard's laboratory)

   Slay-2:    It affects your accuracy & damage with ranged weapons and melee
   (-2).
   rF+:       It protects you from fire.
   rElec:     It insulates you from electricity.
 E - +0 fire dragon scales
 F - the +5 Storm Queen's Shield (worn) {shock, Fly rElec}
   (You acquired it on level 3 of the Lair of Beasts)

   Shock:     When it blocks an attack, it may electrocute the attacker.
   This works even against foes who are a short distance away.
   rElec:     It insulates you from electricity.
   Fly:       It grants you flight.
 M - the +0 cloak "Xytzuen Qure" (worn) {Fly rN+ Regen+}
   (You found it in a Gauntlet)

   rN+:       It protects you from negative energy.
   Fly:       It grants you flight.
   Regen+:    It increases your rate of health regeneration.
 O - the +3 scale mail of Pohuphap (worn) {rF+ Slay+3}
   (You found it on level 4 of the Dungeon)

   Slay+3:    It affects your accuracy & damage with ranged weapons and melee
   (+3).
   rF+:       It protects you from fire.
 S - a +0 pair of boots (worn)
Jewellery
 s - a +6 ring of dexterity
 t - a ring of willpower (left hand)
 D - a ring of ice
 I - an amulet of reflection (around neck)
 N - a +6 ring of intelligence
 R - a ring of protection from cold
 Z - the ring "Sasicem" (right hand) {rN+ Will+ Str+2 SInv Stlth-}
   (You bought it in a shop on level 3 of the Vaults)

   [ring of positive energy]

   Str+2:     It affects your strength (+2).
   rN+:       It protects you from negative energy.
   Will+:     It increases your willpower.
   SInv:      It lets you see invisible.
   Stlth-:    It makes you less stealthy.
Wands
 l - a wand of roots (17)
 m - a wand of mindburst (7)
 n - a wand of flame (31)
 z - a wand of charming (29)
 B - a wand of light (3)
 H - a wand of polymorph (10)
 X - a wand of digging (13)
Scrolls
 e - 3 scrolls of fear
 i - 4 scrolls of fog
 k - 9 scrolls of vulnerability
 o - a scroll of torment
 p - 2 scrolls of butterflies
 x - 5 scrolls of blinking
 y - 7 scrolls of teleportation
 C - 7 scrolls of enchant armour
 K - 2 scrolls of brand weapon
 U - 3 scrolls of revelation
 Y - 4 scrolls of enchant weapon
Potions
 f - 4 potions of brilliance
 h - 7 potions of heal wounds
 j - 7 potions of might
 q - a potion of magic
 r - 13 potions of curing
 v - 4 potions of enlightenment
 w - 3 potions of haste
 J - 4 potions of resistance
 T - 3 potions of cancellation
Miscellaneous
 c - a phantom mirror
 V - a phial of floods


   Skills:
 + Level 25.2 Fighting
 - Level 18.1 Long Blades
 - Level 8.0 Throwing
 - Level 5.0 Armour
 O Level 27 Dodging
 + Level 9.8 Shields
 * Level 16.6 Summonings
 - Level 6.2 Translocations
 - Level 8.4 Evocations


You had 8 spell levels left.
You knew the following spells:

 Your Spells              Type           Power      Damage    Failure   Level
a - Teleport Other        Tloc           29%        N/A       34%         3
b - Summon Cactus Giant   Summ           33%        N/A       26%         6
c - Summon Forest         Summ/Tloc      26%        N/A       36%         5

Your spell library contained the following spells:

 Spells                   Type           Power      Damage    Failure   Level
 Apportation              Tloc           58%        N/A       13%         1
 Summon Ice Beast         Ice/Summ       38%        N/A       17%         3
 Gell's Gravitas          Tloc           29%        N/A       34%         3
 Animate Armour           Summ/Erth      76%        N/A       45%         4
 Martyr's Knell           Necr/Summ      38%        N/A       45%         4
 Summon Lightning Spire   Summ/Air       38%        N/A       45%         4
 Passage of Golubria      Tloc           29%        N/A       73%         4
 Volatile Blastmotes      Fire/Tloc      28%        2d12      75%         3
 Summon Mana Viper        Hex/Summ       38%        N/A       78%         5
 Sandblast                Erth           0%         2d4       82%         1
 Sting                    Conj/Alch      0%         1d3       82%         1
 Cigotuvi's Dreadful Rot  Necr/Alch/Air  0%         N/A       90%         2
 Jinxbite                 Hex            0%         N/A       90%         2
 Mercury Vapours          Alch/Air       0%         N/A       90%         2
 Dimensional Bullseye     Hex/Tloc       7%         N/A       98%         4
 Vhi's Electric Charge    Tloc/Air       28%        N/A       98%         4
 Dazzling Flash           Conj/Hex       0%         N/A       99%         3
 Hailstorm                Conj/Ice       0%         3d5       99%         3
 Inner Flame              Hex/Fire       0%         N/A       99%         3
 Mephitic Cloud           Conj/Alch/Air  0%         N/A       99%         3
 Ozocubu's Armour         Ice            0%         N/A       99%         3
 Sigil of Binding         Hex            0%         N/A       99%         3
 Cause Fear               Hex            0%         N/A       100%        4
 Dispel Undead            Necr           0%         3d6       100%        4
 Flame Wave               Conj/Fire      0%         2d4       100%        4
 Ignite Poison            Fire/Alch      0%         N/A       100%        4
 Leda's Liquefaction      Alch/Erth      0%         N/A       100%        4
 Sticky Flame             Fire/Alch      0%         2d4       100%        4
 Arcjolt                  Conj/Air       0%         1d10      100%        5
 Curse of Agony           Necr           0%         N/A       100%        5
 Fireball                 Conj/Fire      0%         3d3       100%        5
 Freezing Cloud           Conj/Ice/Air   0%         6-21      100%        5
 Lee's Rapid Deconstruct  Erth           0%         3d4*      100%        5
 Silence                  Hex/Air        0%         N/A       100%        5
 Death Channel            Necr           0%         N/A       100%        6
 Dispersal                Tloc           14%        N/A       100%        6
 Starburst                Conj/Fire      0%         6d3       100%        6
 Haunt                    Necr/Summ      19%        N/A       100%        7
 Borgnjor's Revivificati  Necr           0%         N/A       100%        8
 Lehudib's Crystal Spear  Conj/Erth      0%         10d2      100%        8
 Maxwell's Capacitive Co  Air            0%         ∞         100%        8
 Chain Lightning          Conj/Air       0%         N/A       100%        9
 Dragon's Call            Summ           33%        N/A       100%        9
 Fire Storm               Conj/Fire      0%         5d1       100%        9
 Shatter                  Erth           0%         3d5*      100%        9


Dungeon Overview and Level Annotations

Branches:
Dungeon (15/15)            Temple (1/1) D:4            Lair (5/5) D:8
  Swamp (4/4) Lair:2       Spider (4/4) Lair:2        Slime (5/5) Lair:5
    Orc (2/2) D:11            Elf (3/3) Orc:2        Vaults (5/5) D:13
  Crypt (0/3) Vaults:2     Depths (4/4) D:15            Zot (0/5) Depths:4
  Sewer (visited)           IceCv (visited)         Volcano (visited)
 WizLab (visited)         Gauntlet (visited)

Altars:
Ashenzari
Cheibriados
Dithmenos
Elyvilon
Fedhas
Gozag
Hepliaklqana
Kikubaaqudgha
Makhleb
Nemelex Xobeh
Okawaru
Qazlal
Ru
Sif Muna
Trog
Uskayaw
Vehumet
Wu Jian
Xom
Yredelemnul
Zin
The Shining One
Jiyva
Lugonu

Shops:
D:1 ?   D:2 ?   D:6 *   D:7 (   D:11 (   Orc:2 ?[!:?   Vaults:2 [   Vaults:3 =
Depths:2 [([?

Portals:
Hell: Depths:1 Depths:2 Depths:3 Depths:4
Abyss: Depths:1 Depths:3
Pandemonium: Depths:2
Ziggurat: Depths:3

Annotations:
Slime:5 Royal Jelly
Elf:2 5 runed translucent doors


Innate Abilities, Weirdness & Mutations

((You are very nimble when in or above water. (Stealth+, EV+, Speed+++)))
Your lower body shifts to a powerful aquatic tail in water.
You have a pair of antennae on your head.
Your mind is very acute. (Int +8, Str/Dex -2)
Your flesh is cold resistant. (rC+)
Your muscles are strong. (Str +4, Int/Dex -1)
Your spells are a little harder to cast, but a little more powerful.
Your rubbery body absorbs attacks. (AC +1, EV +1)
Armour fits poorly on your pseudopods.
Your translucent skin slightly reduces your foes' accuracy. (Stealth+)
You have a small jelly attached to you that may absorb projectiles.
You expend magic power (3 MP) to strengthen your wands.
You passively dampen the noise of your surroundings.


Message History

Your shield discharges, shocking the titan!
The titan completely resists.
The walls burn the frost giant!
The wall burns the vault guard!
You block the vault guard's attack.
Your shield discharges, shocking the vault guard!
The walls burn the ancient lich!
You block the ancient lich's attack.
Your shield discharges, shocking the ancient lich!
The ancient lich resists.
The walls burn the frost giant!
The frost giant casts a spell at you.
The bolt of cold hits the ancient lich.
The ancient lich resists.
The bolt of cold misses you.
The wall burns the vault guard!
The vault guard hits you from afar with a +2 glaive of venom!
* * * LOW HITPOINT WARNING * * *
You are poisoned.
The titan hits you!!
* * * LOW HITPOINT WARNING * * *
You feel much better.
You feel very sick.
The walls burn the ancient lich!
The ancient lich misses you.
Your cactus giant hits the titan with a +0 giant spiked club!!
The walls burn the ancient lich!
The ancient lich touches you.
* * * LOW HITPOINT WARNING * * *
The wall burns the vault guard!
You block the vault guard's attack.
The walls burn the frost giant!
You hit the ancient lich.
The ancient lich convulses.
You destroy the ancient lich!
You feel sick.
The wall burns the vault guard!
You block the vault guard's attack.
The titan points at you and mumbles some strange words.
The bolt of lightning hits you! You resist.
* * * LOW HITPOINT WARNING * * *
The bolt of lightning misses you.
The bolt of lightning hits the titan.
The titan completely resists.
You block the frost giant's attack.
The frost giant hits your cactus giant with a +1 battleaxe of freezing!!
The frost giant freezes your cactus giant!
Your shield discharges, shocking the frost giant!
You slice the titan!!
You bludgeon the titan, but do no damage.
The titan is heavily wounded.
You feel sick. The titan hits you!!!
You die...

###########
..........#
........#
#.C....#
#..CC..#
#..)@()#
.....###..#
... , #p.#
. #..# #..#
#..# #..#
#..# #..#


You could see a titan, a frost giant, a vault guard (ally target) and a friendly
cactus giant (summoned).

Vanquished Creatures
  Frederick (Depths:1)
  An ancient lich (Vaults:5)
  Mara (Depths:1)
  2 juggernauts
  Sojobo (Vaults:4)
  Bai Suzhen (Vaults:4)
  Saint Roka (Elf:3)
  A golden dragon (Depths:4)
  A tentacled monstrosity (Depths:4)
  2 hellephants (Depths:3)
  Rupert (Depths:1)
  3 liches
  2 walking crystal tomes
  Asterion (Depths:1)
  5 deep elf blademasters (Elf:3)
  2 sphinxes
  5 deep elf master archers (Elf:3)
  2 walking divine tomes
  3 thorn hunters
  Agnes (Depths:1)
  3 storm dragons
  6 tengu reavers
  2 shadow dragons
  Roxanne (Swamp:3)
  A draconian monk (Depths:4)
  Aizul (Spider:3)
  A strange machine (WizLab)
  7 fire giants
  A draconian knight (D:15)
  11 frost giants
  9 vault wardens
  An iron dragon (Depths:2)
  A juggernaut zombie (Depths:2)
  A draconian scorcher (Depths:4)
  6 ghost moths
  2 deep elf elementalists
  A draconian stormcaller (Depths:4)
  A cacodemon (Depths:2)
  2 emperor scorpions
  4 deep elf sorcerers (Elf:3)
  13 ironbound preservers
  3 orc warlords
  A reaper (IceCv)
  8 very ugly things
  9 ironbound thunderhulks
  3 broodmothers
  15 stone giants
  A deep elf death mage (Elf:3)
  2 green draconians (Depths:4)
  6 vampire knights
  2 deep elf demonologists
  Nessos (D:13)
  3 eleionomae
  13 deep elf annihilators
  A minotaur (Gauntlet)
  A red draconian (Depths:4)
  2 yellow draconians (Depths:4)
  A black draconian (Depths:4)
  Azrael (Spider:2)
  4 bunyips
  4 spark wasps
  Snorg (D:12)
  13 ettins
  The ghost of superradish the Martial Artist, a journeyman OpSh of Nemelex Xobeh (Lair:2)
  12 dire elephants
  11 fire dragons
  Josephine (D:12)
  20 vault guards
  7 yaktaur captains
  2 deep elf high priests
  An entropy weaver (shapeshifter) (D:15)
  An entropy weaver (Vaults:3)
  The ghost of monsoonserge the Ripper, a journeyman FeSh of Wu Jian (Lair:2)
  10 rakshasas
  10 ice dragons
  18 hydras
  A nameless horror (Vaults:5)
  A caustic shrike simulacrum (Depths:2)
  12 alligators
  2 peacekeepers (Vaults:3)
  6 ogre magi
  2 jorogumos
  9 centaur warriors
  4 spriggan air magi
  7 boulder beetles
  19 dancing weapons
  9 ironbound frosthearts
  5 radroaches
  8 two-headed ogres
  4 death yaks
  5 deep troll shamans
  9 hell hogs
  The ghost of ThighHighIncubi the Slasher, a novice DsCK of Xom (D:8)
  4 deep troll earth magi
  3 vampire magi
  6 hell knights
  3 spriggan berserkers
  9 tengu warriors
  Sonja (D:13)
  6 demonic crawlers
  24 deep elf knights
  An iron troll (Depths:1)
  2 occultists (Depths:3)
  A fire crab (Volcano)
  A sun demon (Depths:1)
  Nergalle (Orc:2)
  3 goliath frogs
  A death drake (shapeshifter) (Vaults:5)
  41 deep trolls
  A spark wasp zombie (Depths:1)
  5 pharaoh ants
  14 orb spiders
  4 flayed ghosts
  8 bog bodies
  10 swamp dragons (Swamp:4)
  11 deep elf archers
  3 lindwurms
  6 arcanists
  5 harpies
  10 ironbound convokers
  A spriggan druid (Swamp:4)
  A shadow demon (Depths:2)
  9 orc knights
  2 phantasmal warriors
  40 deep elf pyromancers
  Pikel (D:4)
  9 necromancers
  10 steelbarb worms
  17 deep elf zephyrmancers
  18 ugly things
  16 wolf spiders
  2 cyclopes
  2 moths of wrath
  A will-o-the-wisp (Swamp:4)
  4 manticores
  6 orc sorcerers (Orc:2)
  A meliai (Spider:4)
  An iron dragon skeleton (Depths:2)
  15 vault sentinels
  5 black mambas
  A fire giant skeleton (Depths:2)
  2 kobold blastminers (Orc:2)
  A stone giant skeleton (Depths:1)
  20 elephants
  A rust devil (Depths:2)
  An ice statue (IceCv)
  14 cane toads
  2 gargoyles
  13 torpor snails
  3 orange demons (D:15)
  5 rime drakes
  5 yaktaurs
  An unseen horror (D:10)
  5 tengu conjurers
  An anaconda simulacrum (IceCv)
  10 komodo dragons
  2 freezing wraiths (Vaults:5)
  An ice devil (IceCv)
  7 trolls
  A spriggan skeleton (Depths:2)
  14 hornets
  10 tyrant leeches
  27 tarantellas
  15 polar bears
  8 blink frogs
  2 raiju (Lair:5)
  A stone giant simulacrum (Depths:1)
  24 jumping spiders
  26 culicivoras
  3 shadows
  2 wyverns
  5 water elementals
  2 air elementals (Elf:3)
  45 yaks
  3 vampires
  4 fire elementals
  5 spriggans
  7 wraiths
  2 dire elephant simulacra (IceCv)
  A yak (shapeshifter) (D:14)
  A human (D:13)
  3 basilisks
  8 wargs
  14 vampire mosquitoes
  A neqoxec (Gauntlet)
  2 death yak simulacra (IceCv)
  4 steam dragons
  3 chaos spawn (Gauntlet)
  56 redbacks
  15 swamp worms
  3 hydra simulacra (IceCv)
  Edmund (D:4)
  A human zombie (Depths:1)
  An acid dragon (D:9)
  25 water moccasins
  A glowing shapeshifter skeleton (Depths:1)
  19 hell hounds
  14 orc warriors
  13 black bears
  A black bear (shapeshifter) (D:15)
  4 laughing skulls
  7 swamp drakes
  2 ice beasts
  30 wolves
  6 ogres
  10 centaurs
  2 lemures (D:4)
  A phantom (D:7)
  4 kobold brigands
  4 bullfrogs
  3 scorpions (D:15)
  2 gnoll sergeants (D:8)
  A cane toad simulacrum (IceCv)
  4 two-headed ogre simulacra (IceCv)
  An earth elemental (Elf:3)
  7 wights
  19 killer bees
  3 elephant simulacra (IceCv)
  3 electric eels
  3 howler monkeys
  A bombardier beetle (D:5)
  4 jellies
  9 orc priests
  5 hounds
  Crazy Yiuf (D:6)
  2 gnoll boudas
  An iguana (D:6)
  A sleepcap (D:5)
  25 orc wizards
  2 yak simulacra (Lair:2)
  4 troll simulacra (IceCv)
  5 polar bear simulacra
  8 spriggan simulacra (IceCv)
  4 wolf simulacra
  13 gnolls
  13 adders
  6 naga simulacra (IceCv)
  3 river rats
  2 shadow imps (D:6)
  4 white imps
  7 ufetubi (IceCv)
  3 dart slugs
  4 ribbon worms
  55 orcs
  6 ball pythons
  17 endoplasms
  2 giant cockroaches (D:2)
  10 goblins
  5 hobgoblins
  2 jackals (D:1)
  5 quokkas
  2 bats (D:1)
  6 frilled lizards
  24 kobolds
  13 rats
  4 river rat simulacra (Lair:2)
1633 creatures vanquished.

Vanquished Creatures (collateral kills)
  A radroach (Spider:4)
  An orb spider (Spider:4)
2 creatures vanquished.

Vanquished Creatures (others)
  A vault warden (Vaults:2)
  3 formless jellyfish
  A stone giant (Depths:3)
  An ironbound preserver (Vaults:1)
  A yaktaur captain (Vaults:2)
  A vault guard (Vaults:2)
  A hydra (Lair:2)
  4 glowing orange brains
  6 great orbs of eyes
  3 centaur warriors
  A deep troll (Vaults:3)
  A phantasmal warrior (Vaults:4)
  2 lindwurms (Vaults:1)
  2 harpies
  5 ironbound convokers
  An arcanist (Vaults:4)
  2 deep elf pyromancers
  A necromancer (Vaults:1)
  2 deep elf zephyrmancers
  A manticore (D:15)
  A shining eye (shapeshifter) (Vaults:5)
  4 vault sentinels
  A kobold demonologist (D:12)
  A rime drake (Lair:5)
  2 yaktaurs
  A komodo dragon (D:12)
  2 bloated husks
  Prince Ribbit (D:6)
  2 glass eyes
  15 slime creatures
  A spriggan (Swamp:4)
  A shadow (Gauntlet)
  A steam dragon (D:7)
  A basilisk (D:15)
  A naga (shapeshifter) (Vaults:5)
  3 water moccasins
  A centaur (D:12)
  A bullfrog (Lair:4)
  A kobold brigand (D:8)
  Blork the orc (D:6)
  A wight (D:8)
  2 howler monkeys (D:8)
  216 jellies
  2 orc wizards
  4 gnolls
  An adder (D:6)
  2 ufetubi (IceCv)
  2 orcs
  5 endoplasms (Lair:5)
  7 kobolds
  2 foxfires (Swamp:4)
326 creatures vanquished.

Grand Total: 1961 creatures vanquished

Notes
Turn   | Place    | Note
-------+----------+-------------------------------------------
     0 | D:1      | octoduck the Merfolk Gladiator began the quest for the Orb.
     0 | D:1      | Reached XP level 1. HP: 16/16 MP: 1/1
   260 | D:1      | Reached XP level 2. HP: 23/23 MP: 2/2
   818 | D:1      | Found Sonniet's Magic Scroll Emporium.
  1064 | D:1      | Reached XP level 3. HP: 28/28 MP: 3/3
  2217 | D:2      | Found Caeq's Magic Scroll Boutique.
  2325 | D:1      | Bought a scroll of identify for 24 gold pieces
  2325 | D:1      | Bought a scroll of identify for 24 gold pieces
  2325 | D:1      | Bought a scroll of identify for 24 gold pieces
  2371 | D:2      | Bought a scroll of identify for 28 gold pieces
  2549 | D:3      | Reached XP level 4. HP: 32/35 MP: 4/4
  2614 | D:3      | Reached skill level 5 in Long Blades
  2702 | D:3      | Found a blossoming altar of Fedhas.
  3021 | D:3      | Reached skill level 5 in Dodging
  3021 | D:3      | Reached XP level 5. HP: 41/41 MP: 5/5
  3484 | D:4      | Noticed Edmund
  3726 | D:4      | Noticed an ogre
  3830 | D:4      | Noticed a lemure
  3830 | D:4      | Noticed a lemure
  3831 | D:4      | Noticed Pikel
  3831 | D:4      | Noticed a lemure
  3831 | D:4      | Noticed a lemure
  4022 | D:5      | Entered Level 5 of the Dungeon
  4047 | D:5      | Noticed a kobold brigand
  4061 | D:5      | Killed a kobold brigand
  4150 | D:5      | Reached XP level 6. HP: 19/48 MP: 6/6
  4505 | D:5      | Noticed a water moccasin
  4693 | D:6      | Found a stormy altar of Qazlal.
  4767 | D:6      | Found Iruxtaerch's Assorted Antiques.
  4776 | D:6      | Bought a glass wand for 112 gold pieces
  4934 | D:6      | Found a glowing drain.
  4950 | D:6      | Reached skill level 6 in Dodging
  4962 | Sewer    | Entered a sewer
  5004 | Sewer    | Reached XP level 7. HP: 45/55 MP: 7/7
  5180 | Sewer    | Found a viscous altar of Jiyva.
  5255 | Sewer    | Became a worshipper of Jiyva Jirog the Shapeless
  5560 | D:6      | Killed Blork the orc
  5917 | D:6      | Noticed Prince Ribbit
  5930 | D:6      | Found a runed translucent door.
  5930 | D:6      | Noticed Crazy Yiuf
  6018 | D:6      | Reached * piety under Jiyva
  6211 | D:6      | Reached skill level 5 in Fighting
  6358 | D:6      | Killed Prince Ribbit
  6377 | D:6      | Reached XP level 8. HP: 50/62 MP: 8/8
  6413 | D:7      | Reached skill level 7 in Dodging
  6724 | D:7      | Reached skill level 8 in Dodging
  6867 | D:7      | Reached ** piety under Jiyva
  6888 | D:7      | Found Hoototre's Antique Weapon Shoppe.
  6952 | D:7      | Reached skill level 10 in Long Blades
  6954 | D:7      | Reached XP level 9. HP: 67/70 MP: 9/9
  7319 | D:5      | Reached skill level 1 in Shields
  7484 | D:5      | Found an ornate altar of the Wu Jian Council.
  7494 | D:5      | Found a white marble altar of Elyvilon.
  7495 | D:5      | Found a shimmering altar of Xom.
  7496 | D:5      | Found a glowing golden altar of the Shining One.
  7908 | D:4      | Found a staircase to the Ecumenical Temple.
  7914 | Temple   | Entered the Ecumenical Temple
  7922 | D:4      | Identified the +3 scale mail of Pohuphap {rF+ Slay+3}
  8064 | D:4      | Killed Pikel
  8117 | D:4      | Killed Edmund
  8593 | D:6      | Killed Crazy Yiuf
  8802 | D:2      | Bought 2 scrolls of identify for 56 gold pieces
  8802 | D:2      | Bought a scroll of identify for 28 gold pieces
  8802 | D:2      | Bought a scroll of identify for 28 gold pieces
  9020 | D:6      | Reached *** piety under Jiyva
  9083 | D:8      | Found a runed translucent gate.
  9083 | D:8      | Found a runed translucent gate.
  9085 | D:8      | Found a runed translucent gate.
  9085 | D:8      | Found an opulent altar of Gozag.
  9087 | D:8      | Noticed ThighHighIncubi's ghost (novice DsCK)
  9302 | D:8      | Noticed a two-headed ogre
  9326 | D:8      | Killed a two-headed ogre
  9327 | D:8      | Reached XP level 10. HP: 77/77 MP: 10/10
  9537 | D:8      | Reached skill level 5 in Shields
  9634 | D:8      | Found a basalt altar of Yredelemnul.
  9935 | D:8      | Found a staircase to the Lair.
  9939 | D:8      | Identified the +0 leather armour of Ymer {*Slow rPois rF-
                  | rN+++}
  9963 | D:8      | Gained mutation: Your melee attacks may engulf your foes in
                  | ooze. [Jiyva's grace]
  9963 | D:8      | Gained mutation: Your natural rate of healing is unusually
                  | fast. [Jiyva's grace]
  9963 | D:8      | Gained mutation: You heal very quickly. [Jiyva's grace]
  9963 | D:8      | Gained mutation: You regenerate. [Jiyva's grace]
 10133 | D:8      | Killed ThighHighIncubi's ghost
 10651 | D:9      | Reached **** piety under Jiyva
 10717 | D:9      | Reached XP level 11. HP: 83/86 MP: 11/11
 10737 | D:9      | Found a sacrificial altar of Ru.
 10737 | D:9      | Found a shadowy altar of Dithmenos.
 10845 | D:9      | Reached skill level 15 in Long Blades
 10982 | D:9      | Noticed a manticore
 10990 | D:9      | Killed a manticore
 11186 | D:9      | Reached ***** piety under Jiyva
 11230 | D:10     | Entered Level 10 of the Dungeon
 11452 | D:10     | Noticed a cyan ugly thing
 11472 | D:10     | Killed a cyan ugly thing
 11486 | D:10     | Gained mutation: You are robust. (+10% HP) [Jiyva's grace]
 11486 | D:10     | Gained mutation: You are very robust. (+20% HP) [Jiyva's
                  | grace]
 11486 | D:10     | Gained mutation: You are extremely robust. (+30% HP)
                  | [Jiyva's grace]
 11486 | D:10     | Gained mutation: You are partially covered in iridescent
                  | scales. (AC +2) [Jiyva's grace]
 11864 | D:10     | Found a bloodstained altar of Trog.
 12225 | D:11     | Identified the ring "Imime" {+Blink MP+9 AC+4 Str-4}
 12315 | D:11     | Found Aqoxypiw's Antique Weapon Shoppe.
 12415 | D:11     | Noticed a two-headed ogre
 12424 | D:11     | Killed a two-headed ogre
 12695 | D:11     | Found a staircase to the Orcish Mines.
 13204 | D:12     | Noticed a deep elf pyromancer
 13211 | D:12     | Killed a deep elf pyromancer
 13213 | D:12     | Noticed Josephine
 13221 | D:12     | Killed Josephine
 13222 | D:12     | Reached XP level 12. HP: 103/124 MP: 12/12
 13341 | D:12     | Found a gate leading to a gauntlet.
 13354 | Gauntlet | Entered a Gauntlet
 13354 | Gauntlet | Lost mutation: You regenerate. [Jiyva's grace]
 13354 | Gauntlet | Lost mutation: You are extremely robust. (+30% HP) [Jiyva's
                  | grace]
 13354 | Gauntlet | Lost mutation: Your melee attacks may engulf your foes in
                  | ooze. [Jiyva's grace]
 13354 | Gauntlet | Gained mutation: Your mind is acute. (Int +4, Str/Dex -1)
                  | [Jiyva's grace]
 13354 | Gauntlet | Gained mutation: Your mind is very acute. (Int +8, Str/Dex
                  | -2) [Jiyva's grace]
 13354 | Gauntlet | Gained mutation: Your translucent skin slightly reduces
                  | your foes' accuracy. (Stealth+) [Jiyva's grace]
 13354 | Gauntlet | Gained mutation: Your translucent skin reduces your foes'
                  | accuracy. (Stealth+) [Jiyva's grace]
 13354 | Gauntlet | Found a transporter.
 13354 | Gauntlet | Found a transporter.
 13354 | Gauntlet | Found a transporter.
 13375 | Gauntlet | Found a transporter.
 13385 | Gauntlet | Found a transporter.
 13388 | Gauntlet | Found a transporter.
 13390 | Gauntlet | Noticed a quicksilver ooze
 13399 | Gauntlet | Found a transporter.
 13418 | Gauntlet | Found a transporter.
 13432 | Gauntlet | Found a transporter.
 13435 | Gauntlet | Found a transporter.
 13443 | Gauntlet | Found a transporter.
 13446 | Gauntlet | Found a transporter.
 13579 | Gauntlet | Gained mutation: You occasionally lose the ability to read
                  | scrolls when taking damage. [a neqoxec]
 13622 | Gauntlet | Identified the +0 cloak "Xytzuen Qure" {Fly rN+ Regen+}
 13648 | Gauntlet | Noticed a minotaur
 13663 | Gauntlet | Killed a minotaur
 13664 | Gauntlet | Reached skill level 10 in Fighting
 13796 | D:12     | You are sucked into a shaft and drop 3 floors!
 13796 | D:15     | Entered Level 15 of the Dungeon
 13796 | D:15     | Reached ****** piety under Jiyva
 14020 | D:15     | Noticed a tengu warrior
 14030 | D:15     | Killed a tengu warrior
 14087 | D:15     | Noticed an ettin
 14100 | D:15     | Killed an ettin
 14120 | D:15     | Found a staircase to the Depths.
 14130 | D:15     | Noticed a boulder beetle
 14395 | D:12     | Learned a level 3 spell: Teleport Other
 14403 | D:12     | Noticed Erolcha
 14449 | D:12     | Slimified Erolcha
 14449 | D:12     | Erolcha changed into Erolcha the slime creature
 14449 | D:12     | Noticed Erolcha
 14784 | D:12     | Noticed Snorg
 14804 | D:12     | Killed Snorg
 14805 | D:12     | Reached skill level 1 in Translocations
 15086 | Lair:1   | Entered Level 1 of the Lair of Beasts
 15115 | Lair:1   | Noticed a death yak
 15115 | Lair:1   | Noticed a death yak
 15115 | Lair:1   | Noticed a death yak
 15137 | Lair:1   | Killed a death yak
 15138 | Lair:1   | Reached skill level 9 in Dodging
 15138 | Lair:1   | Reached XP level 13. HP: 127/127 MP: 13/13
 15461 | Lair:1   | Lost mutation: Your mind is very acute. (Int +8, Str/Dex
                  | -2) [Jiyva's grace]
 15461 | Lair:1   | Lost mutation: Your mind is acute. (Int +4, Str/Dex -1)
                  | [Jiyva's grace]
 15461 | Lair:1   | Lost mutation: You occasionally lose the ability to read
                  | scrolls when taking damage. [Jiyva's grace]
 15461 | Lair:1   | Gained mutation: You are agile. (Dex +4, Str/Int -1)
                  | [Jiyva's grace]
 15461 | Lair:1   | Gained mutation: You are very agile. (Dex +8, Str/Int -2)
                  | [Jiyva's grace]
 15461 | Lair:1   | Gained mutation: You possess an exceptional clarity of
                  | mind. [Jiyva's grace]
 15461 | Lair:1   | Gained mutation: Your flesh is cold resistant. (rC+)
                  | [Jiyva's grace]
 15509 | Lair:1   | Reached skill level 10 in Dodging
 15882 | Lair:1   | Found an opulent altar of Gozag.
 16127 | D:7      | Bought a brightly glowing long sword for 263 gold pieces
 16127 | D:7      | Identified the +4 long sword "Uciceikk" {drain, rElec rC+
                  | Int+4 Dex+3} (You bought it in a shop on level 7 of the
                  | Dungeon)
 16249 | Lair:2   | Reached skill level 11 in Dodging
 16293 | Lair:2   | Found a hole to the Spider Nest.
 16580 | Lair:2   | Found the +8 whip "Snakebite" {venom, curare, rPois}
 16708 | Lair:2   | Reached skill level 5 in Translocations
 16728 | Lair:2   | Found a staircase to the Swamp.
 16756 | Lair:2   | Found a runed translucent gate.
 16756 | Lair:2   | Found a runed translucent gate.
 16757 | Lair:2   | Found a runed translucent gate.
 16758 | Lair:2   | Noticed superradish's ghost (journeyman OpSh)
 16758 | Lair:2   | Noticed monsoonserge's ghost (journeyman FeSh)
 16777 | Lair:2   | Killed superradish's ghost
 16781 | Lair:2   | Killed monsoonserge's ghost
 16975 | Lair:2   | Reached skill level 12 in Dodging
 16975 | Lair:2   | Reached XP level 14. HP: 139/139 MP: 14/14
 17284 | Lair:3   | Found a frozen archway.
 17308 | IceCv    | Entered an ice cave
 17615 | IceCv    | Lost mutation: Your translucent skin reduces your foes'
                  | accuracy. (Stealth+) [Jiyva's grace]
 17615 | IceCv    | Lost mutation: Your translucent skin slightly reduces your
                  | foes' accuracy. (Stealth+) [Jiyva's grace]
 17615 | IceCv    | Gained mutation: Your flesh is heat resistant. (rF+)
                  | [Jiyva's grace]
 17615 | IceCv    | Gained mutation: Your flesh is very heat resistant. (rF++)
                  | [Jiyva's grace]
 17615 | IceCv    | Gained mutation: Your flesh is almost immune to the effects
                  | of heat. (rF+++) [Jiyva's grace]
 17615 | IceCv    | Gained mutation: You expend magic power (3 MP) to
                  | strengthen your wands. [Jiyva's grace]
 17798 | IceCv    | Noticed a reaper
 17813 | IceCv    | Killed a reaper
 18387 | Lair:3   | Identified 3 scrolls of acquirement
 18402 | Lair:3   | Acquired the +0 demon blade of Darkness {vamp, *Corrode
                  | rElec rPois Stlth-}
 18406 | Lair:3   | Acquired 882 gold pieces
 18408 | Lair:3   | Acquired the +5 Storm Queen's Shield {shock, Fly rElec}
 18408 | Lair:3   | Found the +5 Storm Queen's Shield {shock, Fly rElec}
 18740 | D:1      | Bought a scroll of acquirement for 624 gold pieces
 18740 | D:1      | Bought a scroll of noise for 12 gold pieces
 18740 | D:1      | Acquired the +1 pair of gloves "Utwoth" {+Blink rPois
                  | Str+3}
 19708 | Lair:4   | Reached skill level 1 in Evocations
 19732 | Lair:4   | Reached skill level 1 in Armour
 19740 | Lair:4   | Reached skill level 13 in Dodging
 19918 | Lair:4   | Lost mutation: You are partially covered in iridescent
                  | scales. (AC +2) [Jiyva's grace]
 19918 | Lair:4   | Lost mutation: Your flesh is almost immune to the effects
                  | of heat. (rF+++) [Jiyva's grace]
 19918 | Lair:4   | Lost mutation: Your flesh is very heat resistant. (rF++)
                  | [Jiyva's grace]
 19918 | Lair:4   | Lost mutation: You heal very quickly. [Jiyva's grace]
 19918 | Lair:4   | Gained mutation: Your skin changes colour to match your
                  | surroundings (Stealth+). [Jiyva's grace]
 19918 | Lair:4   | Gained mutation: Your skin blends seamlessly with your
                  | surroundings (Stealth++). [Jiyva's grace]
 19918 | Lair:4   | Gained mutation: Your skin perfectly mimics your
                  | surroundings (Stealth+++). [Jiyva's grace]
 19918 | Lair:4   | Gained mutation: Your melee attacks may engulf your foes in
                  | ooze. [Jiyva's grace]
 19939 | Lair:4   | Identified the amulet of Duej Wus {Spirit Str+2}
 20340 | Lair:5   | Entered Level 5 of the Lair of Beasts
 20443 | Lair:5   | Found a dark tunnel.
 20454 | Volcano  | Entered a volcano
 21152 | Lair:5   | Found a viscous altar of Jiyva.
 21153 | Lair:5   | Found a staircase to the Slime Pits.
 21158 | Lair:5   | Reached XP level 15. HP: 151/151 MP: 15/15
 21166 | Lair:5   | Reached skill level 14 in Dodging
 21322 | Lair:5   | Reached skill level 5 in Evocations
 21641 | Lair:5   | Lost mutation: Your skin perfectly mimics your surroundings
                  | (Stealth+++). [Jiyva's grace]
 21641 | Lair:5   | Lost mutation: You are very robust. (+20% HP) [Jiyva's
                  | grace]
 21641 | Lair:5   | Gained mutation: Your mind is acute. (Int +4, Str/Dex -1)
                  | [Jiyva's grace]
 21641 | Lair:5   | Gained mutation: Your mind is very acute. (Int +8, Str/Dex
                  | -2) [Jiyva's grace]
 21641 | Lair:5   | Gained mutation: Your spells are a little harder to cast,
                  | but a little more powerful. [Jiyva's grace]
 21641 | Lair:5   | Gained mutation: Your spells are harder to cast, but more
                  | powerful. [Jiyva's grace]
 21966 | Slime:1  | Entered Level 1 of the Pits of Slime
 21966 | Slime:1  | Noticed an azure jelly
 21966 | Slime:1  | Noticed a rockslime
 21976 | Slime:1  | Noticed an acid blob
 22011 | Slime:1  | Noticed an acid blob
 22021 | Slime:1  | Noticed an acid blob
 22023 | Slime:1  | Noticed an azure jelly
 22039 | Slime:1  | Noticed a rockslime
 22073 | Slime:1  | Noticed an azure jelly
 22197 | Slime:2  | Noticed a rockslime
 22224 | Slime:2  | Noticed an acid blob
 22226 | Slime:2  | Noticed a rockslime
 22281 | Slime:5  | Entered Level 5 of the Pits of Slime
 22289 | Slime:5  | Noticed a rockslime
 22297 | Slime:5  | Noticed an azure jelly
 22299 | Slime:5  | Noticed an acid blob
 22302 | Slime:5  | Noticed a rockslime
 22395 | Slime:5  | Noticed an acid blob
 22398 | Slime:5  | Noticed an acid blob
 22400 | Slime:5  | Noticed an acid blob
 22400 | Slime:5  | Noticed an acid blob
 22401 | Slime:5  | Noticed a rockslime
 22405 | Slime:5  | Noticed a rockslime
 22406 | Slime:5  | Noticed a rockslime
 22421 | Slime:5  | Noticed an azure jelly
 22485 | Slime:5  | Noticed the Royal Jelly
 22502 | Slime:5  | Noticed a rockslime
 22504 | Slime:5  | Noticed an acid blob
 22514 | Slime:5  | Found a viscous altar of Jiyva.
 22515 | Slime:5  | Noticed a rockslime
 22518 | Slime:5  | Found the +10 zealot's sword {holy, Zealotry, *Rage rN+
                  | EV+3}
 22520 | Slime:5  | Found the +3 Elemental Staff {ele, rElec rF+ rC+ AC+3}
 22529 | Slime:5  | Got the Volume of Postmortem Lithomancy
 22531 | Slime:5  | Got a slimy rune of Zot
 22533 | Slime:5  | Got a starry gem with 35 turns to spare
 22539 | Slime:5  | Got Sif Muna's Grimoire of Orogeny and the Barrage
 22543 | Slime:5  | Identified the staff of Ypoist {Str+2 Earth}
 22549 | Slime:5  | Identified the +3 short sword "Kulitwym" {elec, rF+++}
 22567 | Slime:5  | Identified the +1 lajatang of Mutilation {flame, *Rage
                  | Will+ Stlth+}
 22710 | Slime:1  | Noticed an acid blob
 22949 | Swamp:1  | Entered Level 1 of the Swamp
 22975 | Swamp:1  | Reached skill level 1 in Summonings
 23074 | Swamp:1  | Reached skill level 15 in Dodging
 23127 | Swamp:1  | Reached skill level 15 in Fighting
 23451 | Swamp:2  | Noticed a thorn hunter
 23470 | Swamp:2  | Killed a thorn hunter
 23550 | Swamp:2  | Reached skill level 5 in Armour
 24108 | Swamp:3  | Reached XP level 16. HP: 149/149 MP: 16/16
 24269 | Swamp:3  | Noticed Roxanne
 24281 | Swamp:3  | Killed Roxanne
 24361 | Swamp:4  | Entered Level 4 of the Swamp
 24405 | Swamp:4  | Noticed a thorn hunter
 24451 | Swamp:4  | Reached skill level 16 in Dodging
 24475 | Swamp:4  | Reached skill level 5 in Summonings
 24493 | Swamp:4  | Noticed a thorn hunter
 24513 | Swamp:4  | Killed a thorn hunter
 24552 | Swamp:4  | Lost mutation: You are very agile. (Dex +8, Str/Int -2)
                  | [Jiyva's grace]
 24552 | Swamp:4  | Lost mutation: Your mind is very acute. (Int +8, Str/Dex
                  | -2) [Jiyva's grace]
 24552 | Swamp:4  | Lost mutation: Your spells are harder to cast, but more
                  | powerful. [Jiyva's grace]
 24552 | Swamp:4  | Lost mutation: Your melee attacks may engulf your foes in
                  | ooze. [Jiyva's grace]
 24552 | Swamp:4  | Gained mutation: Your rubbery body absorbs attacks. (AC +1,
                  | EV +1) [Jiyva's grace]
 24552 | Swamp:4  | Gained mutation: Your pliable body absorbs attacks. (AC +2,
                  | EV +2) [Jiyva's grace]
 24552 | Swamp:4  | Gained mutation: Your gelatinous body deflects attacks. (AC
                  | +3, EV +3) [Jiyva's grace]
 24552 | Swamp:4  | Gained mutation: Your mind is very acute. (Int +8, Str/Dex
                  | -2) [Jiyva's grace]
 24607 | Swamp:4  | Got a mossy gem with 413 turns to spare
 24609 | Swamp:4  | Got a decaying rune of Zot
 24735 | Swamp:4  | Killed a thorn hunter
 25078 | Spider:1 | Entered Level 1 of the Spider Nest
 25140 | Spider:1 | Reached skill level 17 in Dodging
 25709 | Spider:2 | Reached XP level 17. HP: 107/160 MP: 17/17
 25724 | Spider:2 | Lost mutation: Your flesh is heat resistant. (rF+)
                  | [mutagenic glow]
 25941 | Spider:2 | Noticed Azrael
 25961 | Spider:2 | Killed Azrael
 26032 | Spider:2 | Reached skill level 18 in Dodging
 26310 | Spider:3 | Lost mutation: You are agile. (Dex +4, Str/Int -1) [Jiyva's
                  | grace]
 26310 | Spider:3 | Lost mutation: Your mind is very acute. (Int +8, Str/Dex
                  | -2) [Jiyva's grace]
 26310 | Spider:3 | Lost mutation: Your mind is acute. (Int +4, Str/Dex -1)
                  | [Jiyva's grace]
 26310 | Spider:3 | Lost mutation: Your natural rate of healing is unusually
                  | fast. [Jiyva's grace]
 26310 | Spider:3 | Lost mutation: You are robust. (+10% HP) [Jiyva's grace]
 26310 | Spider:3 | Lost mutation: Your gelatinous body deflects attacks. (AC
                  | +3, EV +3) [Jiyva's grace]
 26310 | Spider:3 | Lost mutation: Your pliable body absorbs attacks. (AC +2,
                  | EV +2) [Jiyva's grace]
 26310 | Spider:3 | Gained mutation: You have a small jelly attached to you
                  | that may absorb projectiles. [Jiyva's grace]
 26310 | Spider:3 | Gained mutation: You have acidic saliva. [Jiyva's grace]
 26310 | Spider:3 | Gained mutation: Your pliable body absorbs attacks. (AC +2,
                  | EV +2) [Jiyva's grace]
 26310 | Spider:3 | Gained mutation: Your gelatinous body deflects attacks. (AC
                  | +3, EV +3) [Jiyva's grace]
 26410 | Spider:3 | Identified the serpent talisman "Qaudoung" {rElec rCorr
                  | MP-9 Dex+3}
 26410 | Spider:3 | Noticed Aizul
 26422 | Spider:3 | Killed Aizul
 26889 | Spider:4 | Entered Level 4 of the Spider Nest
 27159 | Spider:3 | Reached skill level 19 in Dodging
 27178 | Spider:3 | Reached skill level 10 in Summonings
 27358 | Spider:4 | Reached XP level 18. HP: 157/157 MP: 18/18
 27732 | Spider:4 | Got a gossamer rune of Zot
 28031 | D:13     | Noticed Nessos
 28039 | D:13     | Killed Nessos
 28198 | D:13     | Noticed Sonja
 28210 | D:13     | Killed Sonja
 28257 | D:13     | Found a gate to the Vaults.
 28424 | D:13     | Found a shadowy altar of Dithmenos.
 28536 | D:14     | Identified the +10 quarterstaff "Vodad" {freeze, rElec rC+
                  | Dex+3 SInv}
 28563 | D:14     | Lost mutation: Your gelatinous body deflects attacks. (AC
                  | +3, EV +3) [Jiyva's grace]
 28563 | D:14     | Lost mutation: You have a small jelly attached to you that
                  | may absorb projectiles. [Jiyva's grace]
 28563 | D:14     | Gained mutation: Your gelatinous body deflects attacks. (AC
                  | +3, EV +3) [Jiyva's grace]
 28563 | D:14     | Gained mutation: Your system is resistant to poisons.
                  | (rPois) [Jiyva's grace]
 28563 | D:14     | Gained mutation: Armour fits poorly on your pseudopods.
                  | [Jiyva's grace]
 28563 | D:14     | Gained mutation: Armour fits poorly on your large
                  | pseudopods. [Jiyva's grace]
 29553 | D:15     | Reached skill level 20 in Dodging
 29781 | Orc:1    | Entered Level 1 of the Orcish Mines
 29836 | Orc:1    | Lost mutation: Your skin blends seamlessly with your
                  | surroundings (Stealth++). [Jiyva's grace]
 29836 | Orc:1    | Lost mutation: Your system is resistant to poisons. (rPois)
                  | [Jiyva's grace]
 29836 | Orc:1    | Lost mutation: Your spells are a little harder to cast, but
                  | a little more powerful. [Jiyva's grace]
 29836 | Orc:1    | Lost mutation: Armour fits poorly on your large pseudopods.
                  | [Jiyva's grace]
 29836 | Orc:1    | Gained mutation: You have supernaturally acute eyesight.
                  | (SInv) [Jiyva's grace]
 29836 | Orc:1    | Gained mutation: You have hidden genetic potential.
                  | [Jiyva's grace]
 29836 | Orc:1    | Gained mutation: You have great hidden genetic potential.
                  | [Jiyva's grace]
 29836 | Orc:1    | Gained mutation: You have a small jelly attached to you
                  | that senses nearby items. [Jiyva's grace]
 30134 | Orc:2    | Entered Level 2 of the Orcish Mines
 30134 | Orc:2    | Found a staircase to the Elven Halls.
 30134 | Orc:2    | Found Ejemasufa's Magic Scroll Shop.
 30151 | Orc:2    | Bought a scroll of identify for 22 gold pieces
 30346 | Orc:2    | Found an ancient bone altar of Kikubaaqudgha.
 30346 | Orc:2    | Noticed Nergalle
 30355 | Orc:2    | Killed Nergalle
 30368 | Orc:2    | Found Qikeez's Distillery.
 30411 | Orc:2    | Found a radiant altar of Vehumet.
 30424 | Orc:2    | Found Jeroifimp's Magic Scroll Shop.
 30445 | Orc:2    | Bought a scroll of butterflies for 52 gold pieces
 30445 | Orc:2    | Bought a scroll of blinking for 97 gold pieces
 30448 | Orc:2    | Bought a scroll of identify for 26 gold pieces
 30449 | Orc:2    | Bought a scroll of identify for 26 gold pieces
 30495 | Orc:2    | Found Samoeq's Book Boutique.
 30539 | Orc:2    | Found Jibrale's Antique Armour Boutique.
 30715 | Orc:2    | Reached skill level 5 in Throwing
 31023 | Orc:1    | Upgraded the game from 0.31.0-12-g77e489cdc1 to
                  | 0.31.0-32-g396128a36d
 31167 | Vaults:1 | Entered Level 1 of the Vaults
 31854 | Vaults:1 | Reached XP level 19. HP: 156/167 MP: 19/19
 31927 | Vaults:1 | Lost mutation: You possess an exceptional clarity of mind.
                  | [Jiyva's grace]
 31927 | Vaults:1 | Lost mutation: Your gelatinous body deflects attacks. (AC
                  | +3, EV +3) [Jiyva's grace]
 31927 | Vaults:1 | Lost mutation: Armour fits poorly on your pseudopods.
                  | [Jiyva's grace]
 31927 | Vaults:1 | Lost mutation: You have great hidden genetic potential.
                  | [Jiyva's grace]
 31927 | Vaults:1 | Lost mutation: You have hidden genetic potential. [Jiyva's
                  | grace]
 31927 | Vaults:1 | Gained mutation: You are somewhat resistant to further
                  | mutation. [Jiyva's grace]
 31927 | Vaults:1 | Gained mutation: You are somewhat resistant to both further
                  | mutation and mutation removal. [Jiyva's grace]
 31927 | Vaults:1 | Gained mutation: You are almost entirely resistant to
                  | further mutation and mutation removal. [Jiyva's grace]
 31927 | Vaults:1 | Gained mutation: Armour fits poorly on your pseudopods.
                  | [Jiyva's grace]
 32024 | Vaults:1 | Found a runed translucent door.
 32077 | Vaults:1 | Identified the +4 scale mail "Limebbac" {rElec rPois SInv}
 32886 | Vaults:2 | Reached skill level 21 in Dodging
 33552 | Vaults:2 | Found Giot's Armour Shop.
 33613 | Vaults:2 | Paralysed by a vampire knight for 4 turns
 33647 | Vaults:2 | Lost mutation: Your skin changes colour to match your
                  | surroundings (Stealth+). [Jiyva's grace]
 33647 | Vaults:2 | Lost mutation: You have supernaturally acute eyesight.
                  | (SInv) [Jiyva's grace]
 33647 | Vaults:2 | Lost mutation: You are almost entirely resistant to further
                  | mutation and mutation removal. [Jiyva's grace]
 33647 | Vaults:2 | Lost mutation: Your pliable body absorbs attacks. (AC +2,
                  | EV +2) [Jiyva's grace]
 33647 | Vaults:2 | Gained mutation: Your melee attacks may engulf your foes in
                  | ooze. [Jiyva's grace]
 33647 | Vaults:2 | Gained mutation: Your muscles are strong. (Str +4, Int/Dex
                  | -1) [Jiyva's grace]
 33647 | Vaults:2 | Gained mutation: Your muscles are very strong. (Str +8,
                  | Int/Dex -2) [Jiyva's grace]
 33647 | Vaults:2 | Gained mutation: Your translucent skin slightly reduces
                  | your foes' accuracy. (Stealth+) [Jiyva's grace]
 33907 | Vaults:2 | Found a staircase to the Crypt.
 34071 | Vaults:3 | Found Gaemaq's Jewellery Shop.
 34099 | Vaults:3 | Bought the ring "Sasicem" {rN+ Will+ Str+2 SInv Stlth-} for
                  | 514 gold pieces
 34363 | Vaults:3 | Found a magical portal.
 34376 | WizLab   | Entered Tukima's Studio
 34500 | WizLab   | Reached skill level 22 in Dodging
 34579 | WizLab   | Identified the +0 hand cannon of the Foot {penet, rN+
                  | rCorr}
 34703 | WizLab   | Noticed octoduck's illusion
 34718 | WizLab   | Identified the +2 pair of gloves of the Blacksmith {rElec
                  | rF+ Slay-2}
 34721 | WizLab   | Got the Grimoire of Obstruction
 34743 | WizLab   | Identified the +0 cloak of Slovenliness {-Tele rN+ Stlth+}
 34938 | Vaults:3 | Reached XP level 20. HP: 178/178 MP: 20/20
 35138 | Vaults:3 | Reached skill level 23 in Dodging
 35762 | Vaults:4 | Identified the +9 quarterstaff of Outrage {freeze, Str+4}
 35795 | Vaults:4 | Lost mutation: Your muscles are very strong. (Str +8,
                  | Int/Dex -2) [Jiyva's grace]
 35795 | Vaults:4 | Lost mutation: You have acidic saliva. [Jiyva's grace]
 35795 | Vaults:4 | Lost mutation: You have a small jelly attached to you that
                  | senses nearby items. [Jiyva's grace]
 35795 | Vaults:4 | Gained mutation: Your spells are a little harder to cast,
                  | but a little more powerful. [Jiyva's grace]
 35795 | Vaults:4 | Gained mutation: Your spells are harder to cast, but more
                  | powerful. [Jiyva's grace]
 35795 | Vaults:4 | Gained mutation: Your spells are much harder to cast, but
                  | much more powerful. [Jiyva's grace]
 35795 | Vaults:4 | Gained mutation: You passively dampen the noise of your
                  | surroundings. [Jiyva's grace]
 35898 | Vaults:4 | Noticed Bai Suzhen
 35909 | Vaults:4 | Killed Bai Suzhen
 36380 | Vaults:4 | Noticed Sojobo
 36390 | Vaults:4 | Killed Sojobo
 36657 | Vaults:4 | Identified the +0 scale mail of the Akabeko {rPois rF+
                  | Str+2 Int+3}
 37180 | Elf:1    | Entered Level 1 of the Elven Halls
 37308 | Elf:1    | Reached skill level 24 in Dodging
 38303 | Elf:1    | Reached XP level 21. HP: 190/190 MP: 21/21
 38437 | Elf:2    | Identified the +1 ring mail of Daonen {rElec rCorr Str+2
                  | Dex-2}
 38716 | Elf:2    | Found a huge runed translucent gate.
 38716 | Elf:2    | Found a huge runed translucent gate.
 38716 | Elf:2    | Found a huge runed translucent gate.
 38716 | Elf:2    | Found a huge runed translucent gate.
 38716 | Elf:2    | Found a huge runed translucent gate.
 38878 | Elf:3    | Entered Level 3 of the Elven Halls
 38906 | Elf:3    | Reached skill level 25 in Dodging
 39046 | Elf:3    | Identified the +1 trident of the Uplifting Eel {flame, rN+
                  | Int-5 Dex+2}
 39150 | Elf:3    | Lost mutation: You are somewhat resistant to both further
                  | mutation and mutation removal. [Jiyva's grace]
 39150 | Elf:3    | Lost mutation: You are somewhat resistant to further
                  | mutation. [Jiyva's grace]
 39150 | Elf:3    | Lost mutation: Your spells are much harder to cast, but
                  | much more powerful. [Jiyva's grace]
 39150 | Elf:3    | Lost mutation: Armour fits poorly on your pseudopods.
                  | [Jiyva's grace]
 39150 | Elf:3    | Lost mutation: You expend magic power (3 MP) to strengthen
                  | your wands. [Jiyva's grace]
 39150 | Elf:3    | Lost mutation: Your melee attacks may engulf your foes in
                  | ooze. [Jiyva's grace]
 39150 | Elf:3    | Gained mutation: Your pliable body absorbs attacks. (AC +2,
                  | EV +2) [Jiyva's grace]
 39150 | Elf:3    | Gained mutation: Your gelatinous body deflects attacks. (AC
                  | +3, EV +3) [Jiyva's grace]
 39150 | Elf:3    | Gained mutation: You expend magic power (3 MP) to
                  | strengthen your wands. [Jiyva's grace]
 39150 | Elf:3    | Gained mutation: You are agile. (Dex +4, Str/Int -1)
                  | [Jiyva's grace]
 39354 | Elf:3    | Noticed Saint Roka
 39372 | Elf:3    | Killed Saint Roka
 40125 | Elf:3    | Identified the staff of Uskayaw {rN+ Necro Earth}
 40152 | Elf:3    | Identified the granite talisman of Follow the Leader {Dex+3
                  | Slay+2}
 40155 | Elf:3    | Got the Disquisition on the Hornet and Location
 40164 | Elf:3    | Identified the +3 scimitar "Omelette" {heavy, rC+ Str+3}
 40168 | Elf:3    | Got Suzuton's Encyclopedia of Cryomancy
 40222 | Elf:3    | Reached skill level 26 in Dodging
 40705 | Depths:1 | Entered Level 1 of the Depths
 40906 | Depths:1 | Noticed Agnes
 40906 | Depths:1 | Noticed Rupert
 40910 | Depths:1 | Noticed Asterion
 40913 | Depths:1 | Killed Agnes
 40919 | Depths:1 | Killed Rupert
 40933 | Depths:1 | Killed Asterion
 40988 | Depths:1 | Noticed Mara
 41155 | Depths:1 | Identified the orb of Ydaroiho {*channel, *Corrode Dex+3
                  | Necro}
 41155 | Depths:1 | Noticed Frederick
 41159 | Depths:1 | Killed Mara
 41303 | Depths:1 | Killed Frederick
 41356 | Depths:1 | Reached XP level 22. HP: 202/202 MP: 22/22
 41395 | Depths:1 | Identified the +10 shortbow of Nymed {freeze, Int+5}
 41534 | Depths:1 | Found a one-way gate to the infinite horrors of the Abyss.
 41545 | Depths:1 | Found a gateway to Hell.
 41803 | Depths:1 | You are sucked into a shaft and drop 1 floor!
 41858 | Depths:2 | Found Tayqanoq's Weapon Boutique.
 42163 | Depths:2 | Lost mutation: You are agile. (Dex +4, Str/Int -1) [a
                  | cacodemon]
 42192 | Depths:2 | Found a one-way gate leading to the halls of Pandemonium.
 42197 | Depths:2 | Lost mutation: Your spells are harder to cast, but more
                  | powerful. [Jiyva's grace]
 42197 | Depths:2 | Lost mutation: Your gelatinous body deflects attacks. (AC
                  | +3, EV +3) [Jiyva's grace]
 42197 | Depths:2 | Gained mutation: You have a pair of small antennae on your
                  | head. [Jiyva's grace]
 42197 | Depths:2 | Gained mutation: You have a pair of antennae on your head.
                  | [Jiyva's grace]
 42197 | Depths:2 | Gained mutation: You have a pair of large antennae on your
                  | head. (SInv) [Jiyva's grace]
 42197 | Depths:2 | Gained mutation: You are partially covered in large bone
                  | plates. (SH +4) [Jiyva's grace]
 42253 | Depths:2 | Found Upain's Antique Armour Boutique.
 42289 | Depths:2 | Found a broken altar of Ashenzari.
 42465 | Depths:2 | Found Taxu's Armour Shoppe.
 42572 | Depths:2 | Found Birrah's Magic Scroll Boutique.
 42576 | Depths:2 | Bought a scroll of blinking for 127 gold pieces
 42576 | Depths:2 | Bought a scroll of butterflies for 68 gold pieces
 42772 | Depths:2 | Noticed a juggernaut
 42786 | Depths:2 | Killed a juggernaut
 43709 | Depths:3 | Reached skill level 27 in Dodging
 43938 | Depths:3 | Found a one-way gateway to a ziggurat.
 44028 | Depths:3 | Reached XP level 23. HP: 211/211 MP: 23/23
 44175 | Depths:3 | Noticed a juggernaut
 44188 | Depths:3 | Killed a juggernaut
 44189 | Depths:3 | Reached skill level 15 in Summonings
 44230 | Depths:3 | Found a corrupted altar of Lugonu.
 44675 | Depths:4 | Entered Level 4 of the Depths
 44949 | Depths:4 | Lost mutation: You have a pair of large antennae on your
                  | head. (SInv) [Jiyva's grace]
 44949 | Depths:4 | Lost mutation: You are partially covered in large bone
                  | plates. (SH +4) [Jiyva's grace]
 44949 | Depths:4 | Lost mutation: Your pliable body absorbs attacks. (AC +2,
                  | EV +2) [Jiyva's grace]
 44949 | Depths:4 | Gained mutation: Your mind is acute. (Int +4, Str/Dex -1)
                  | [Jiyva's grace]
 44949 | Depths:4 | Gained mutation: Your mind is very acute. (Int +8, Str/Dex
                  | -2) [Jiyva's grace]
 44949 | Depths:4 | Gained mutation: You have a small jelly attached to you
                  | that may absorb projectiles. [Jiyva's grace]
 44949 | Depths:4 | Gained mutation: Armour fits poorly on your pseudopods.
                  | [Jiyva's grace]
 44974 | Depths:4 | Noticed a golden dragon
 44995 | Depths:4 | Killed a golden dragon
 44999 | Depths:4 | Found a gate to the Realm of Zot.
 45576 | Depths:4 | Learned a level 6 spell: Summon Cactus Giant
 45582 | Depths:4 | Learned a level 5 spell: Summon Forest
 45841 | Vaults:5 | Entered Level 5 of the Vaults
 46033 | Vaults:5 | Identified the +10 long sword of Fundamental Breach {flame,
                  | *Rage rC+ rN+}
 46033 | Vaults:5 | Identified the +0 chain mail of Mezcal {+Blink}
 46115 | Vaults:5 | Noticed an ancient lich
 46129 | Vaults:5 | Killed an ancient lich
 46130 | Vaults:5 | Slain by a titan

Illustrated notes

Levels and vault maps discovered:
D:1:      evilmike_arrival_crescent, layout_loops_ring, serial_shops,
          nicolae_shop_tiny_statue_garden
D:2:      layout_loops_corners, serial_shops, shop, hangedman_decor_slide_cut,
          hex_tiny
D:3:      layout_basic, fedhas_altar_2, wad_floor_pattern_2,
          dreamdust_princess_bridge, dk_vineyard_2, minivault_14,
          kennysheep_doodads, minmay_joined_circles
D:4:      layout_basic, minmay_temple_entry_overgrown, uniq_pikel, uniq_edmund
D:5:      layout_gridville, minitemple
D:6:      layout_loops_corners, nicolae_qazlal_scattered_showers,
          portal_sewer_entry_a, serial_shops, nicolae_shop_gibbet_a_chance,
          uniq_prince_ribbit1, uniq_blork_the_orc, uniq_crazy_yiuf_cottage
D:7:      layout_rooms, serial_shops, shop
D:8:      layout_basic, mainiacjoe_overflow_brackets, lair_entry_dummy,
          ebering_ghost_gozag
D:9:      layout_gridville, gammafunk_temple_overflow_statue, wad_dig_loot
D:10:     layout_long_grid, trog_ov_bears_minmay
D:11:     layout_basic, orc_0_dummy, serial_shops, shop
D:12:     layout_loops_corners, gauntlet_entry_generic, uniq_erolcha,
          uniq_snorg, uniq_josephine
D:13:     layout_rooms, grunt_vaults_entry_fortified,
          nicolae_dithmenos_through_a_glass_darkly, uniq_sonja, uniq_nessos
D:14:     layout_irregular_city, hangedman_decor_points
D:15:     hangedman_depths_entry_civil_slaughter, layout_gridville,
          einodemon_barbed_minivault
Temple:   hellmonk_temple_flake
Lair:1:   layout_concentric_octagons, basic_altar, beast_lair_carwin_8
Lair:2:   minmay_guarded_unrand_snakebite, layout_chaotic_city,
          nicolae_swamp_entry_splash_gauntlet, spider_nest_entry_rubble,
          gammafunk_ghost_cemetery, eino_house_with_fridge, lemuel_fruit_tree
Lair:3:   layout_roguey, portal_ice_cave_entry_pillars_1
Lair:4:   layout_gridlike
Lair:5:   hangedman_lair_caniforms_friends, layout_hall_layers, wormcave,
          nicolae_slime_entry_slimehenge, nicolae_volcano_entry_two_sided,
          st_stairs_5, nzn_sisyphean_effort
Swamp:1:  layout_basic_swamp, hangedman_swamp_blocks
Swamp:2:  layout_falls_marsh, hangedman_swamp_ruin_hall, swamp_pool_1_2
Swamp:3:  layout_falls_marsh, evilmike_swamp_ruin_house_4, uniq_roxanne
Swamp:4:  swamp_alternative, layout_basic_swamp
Spider:1: layout_spider_delve
Spider:2: layout_spider_delve, uniq_azrael
Spider:3: layout_spider_delve, nicolae_spider_not_touching_you, uniq_aizul
Spider:4: grunt_spider_rune_island, nicolae_spider_nook
Slime:1:  nicolae_slime_infinislime, layout_caves,
          cheibrodos_slime_lost_civilization_5
Slime:2:  layout_caves, nicolae_slime_round_cave
Slime:3:  layout_caves
Slime:4:  layout_caves
Slime:5:  slime_pit_nicolae_royal_road_to_ruin
Orc:1:    layout_diamond_mine
Orc:2:    kennysheep_orc_mage_school, layout_diamond_mine, serial_shops, shop
Elf:1:    layout_loops_ring, nicolae_elf_blasts_and_bolts
Elf:2:    elven_hall_of_blades_hangedman_alternative
          [nooodl_blade_entry_preview], layout_geoelf_diagonals,
          elves_outpost_lemuel, uniq_agnes
Elf:3:    minmay_elf_hall, layout_onion_city, uniq_saint_roka
Vaults:1: nicolae_vaults_oozy_zoo, nicolae_vaults_trapezoid_4,
          vaults_room_corners, nicolae_vaults_wine_cellar,
          vaults_room_grunt_arrival_ludios, ontoclasm_vaults_loading_screen,
          v_misc_15, nicolae_vaults_trapezoid_lopsided_3,
          nicolae_vaults_sealed_display, layout_vaults_omnigrid
Vaults:2: v_rooms_5, hangedman_vaults_restitches, hangedman_vaults_slice,
          ontoclasm_vaults_spin, v_misc_19, v_misc_14, vaults_room_pools,
          nicolae_vaults_taking_the_gang_shopping, nicolae_vaults_octothorpe,
          layout_vaults_chaotic_city, minmay_crypt_entry_simple_round
Vaults:3: mu_enter_wizlab_2, nicolae_vaults_triangles, vaults_room_glass_cross,
          nicolae_vaults_heist, nicolae_vaults_theta, hangedman_vaults_corner,
          nicolae_vaults_storage_closets_1, nicolae_vaults_closet_pinwheel_3,
          v_rooms_6, nicolae_vaults_tetromino_L_1, vaults_room_pools,
          layout_vaults_omnibox, serial_shops, shop
Vaults:4: vaults_room_corners, vaults_room_guarded_vault, vaults_room_octagon,
          nicolae_vaults_tetromino_L_1, grunt_vaults_hallway_short,
          hangedman_vaults_cutoff, nicolae_vaults_little_squares_2,
          hangedman_vaults_snaps, nicolae_vaults_little_squares_6,
          nicolae_vaults_shelves_hall, hangedman_vaults_variations,
          nicolae_vaults_steering_wheel, hangedman_vaults_nails,
          nicolae_vaults_theta, nicolae_vaults_diamond_1,
          layout_vaults_omnicross, uniq_bai_suzhen, uniq_sojobo
Vaults:5
Depths:1: layout_gridville, hangedman_geh_valley, abyss_entry,
          nrook_mini_backslash, chequers_jeans, minmay_holes, sword_in_stone,
          uniq_mara
Depths:2: grunt_deathspiral_small, layout_gridlike, hell_entry,
          rand_demon_pan_entry_5, serial_shops,
          nicolae_shop_pleasant_corner_grove, shop, shop, shop,
          evilmike_ruin_ashenzari, infiniplex_staircase_split_hallway
Depths:3: minmay_big_diamond_grid, layout_small_grid, enter_ziggurat_a,
          grunt_hell_horde, abyss_entry_flame_altar
Depths:4: grunt_zot_entry_funnels, layout_cave_pools, hangedman_coc_ice_floe,
          chequers_serial_rivers_large_b

Skill      XL: |  1  2  3  4  5  6  7  8  9 10 11 12 13 14 15 16 17 18 19 20 21 22 23 |
---------------+----------------------------------------------------------------------+-----
Long Blades    | 4 5 6 7 8 10 12 14 16 18 | 18.1
Fighting       | 3 4 5 6 7 9 11 12 14 15 16 18 19 20 22 23 24 25 | 25.2
Dodging        | 5 6 8 9 12 13 15 17 19 20 22 24 26 27 | 27.0
Shields        | 4 6 8 9 |  9.8
Translocations | 1 5 6 |  6.2
Evocations     | 4 7 8 |  8.4
Armour         | 3 5 |  5.0
Summonings     | 3 7 10 11 14 16 | 16.6
Throwing       | 6 8 |  8.0

Action                     |  1- 3 |  4- 6 |  7- 9 | 10-12 | 13-15 | 16-18 | 19-21 | 22-24 || total
---------------------------+-------+-------+-------+-------+-------+-------+-------+-------++-------
  Melee: Long sword        |   119 |   125 |   325 |   656 |   948 |       |       |       ||  2173
         Tailslap          |       |     5 |     3 |       |       |       |       |       ||     8
         Punch             |       |     1 |     5 |       |       |       |       |       ||     6
         Eudemon blade     |       |       |       |       |   104 |  1080 |   990 |   824 ||  2998
         Bite              |       |       |       |       |       |   116 |    86 |       ||   202
         Pseudopods        |       |       |       |       |       |    85 |   252 |    73 ||   410
  Throw: Javelin           |     3 |       |     3 |     4 |     1 |       |       |       ||    11
         Dart              |     3 |     5 |     8 |     6 |     2 |       |       |       ||    24
         Throwing net      |     1 |       |     1 |       |     1 |       |     1 |       ||     4
         Boomerang         |       |       |     7 |     6 |       |       |       |       ||    13
   Cast: Summon Cactus Gia |       |       |       |       |       |       |       |     1 ||     1
 Invoke: Oozemancy         |       |       |       |     3 |       |     1 |     3 |     4 ||    11
         Slimify           |       |       |       |     1 |       |       |       |       ||     1
  Evoke: Wand              |       |       |    13 |       |    24 |    16 |    11 |     2 ||    66
    Use: Scroll            |    10 |     2 |     7 |       |     8 |     8 |     2 |       ||    37
         Potion            |       |       |     1 |       |       |       |       |    11 ||    12
   Stab: Sleeping          |     1 |     2 |     1 |       |     7 |     8 |       |       ||    19
         Distracted        |       |       |       |       |     7 |     4 |       |       ||    11
         Paralysed         |       |       |       |       |       |       |     3 |       ||     3
         Invisible         |       |       |       |       |       |       |     2 |       ||     2
 Armour: Leather armour    |    58 |    45 |    56 |       |       |       |       |       ||   159
         Ring mail         |       |       |    74 |       |       |       |       |       ||    74
         Scale mail        |       |       |    23 |   256 |   257 |   305 |   204 |   208 ||  1253
  Dodge: Dodged            |    84 |   104 |   256 |   219 |   479 |   659 |   550 |   395 ||  2746
  Block: Kite shield       |       |       |    42 |   495 |  1132 |  1201 |   873 |   753 ||  4496
         Reflection        |       |       |       |    19 |    11 |    41 |    93 |    19 ||   183
